 Dungeon Crawl Stone Soup version 0.20.0-15-g7f486f2 (webtiles) character file.

168 Kisielow the Changer (level 5, -3/37 HPs)
             Began as a Merfolk Transmuter on June 22, 2017.
             Slain by a gnoll
             ... wielding a +0 club
              (6 damage)
             ... on level 4 of the Dungeon.
             The game lasted 00:06:56 (3411 turns).

Kisielow the Changer (Merfolk Transmuter)           Turns: 3411, Time: 00:06:56

Health: -3/37      AC:  2    Str: 10    XL:     5   Next: 49%
Magic:  6/8        EV: 21    Int: 14    God:
Gold:   91         SH:  0    Dex: 19    Spells: 4/8 levels left

rFire    . . .     SeeInvis .     - Unarmed
rCold    + . .     Gourm    .   (shield currently unavailable)
rNeg     . . .     Faith    .   (armour currently unavailable)
rPois    x         Spirit   .   (helmet currently unavailable)
rElec    .         Reflect  .   (cloak currently unavailable)
rCorr    .         Harm     .   (gloves currently unavailable)
MR       .....                  (boots currently unavailable)
Stlth    ++........             (no amulet)
Regen    0.2/turn               n - ring of protection from cold
MPRegen  0.2/turn               (no ring)

@: spider-form (expiring)
A: (change form in water), (swift swim), (stealthy swim)
a: End Transformation


You were on level 4 of the Dungeon.
You were hungry.
You were a venomous arachnid creature.
You visited 1 branch of the dungeon, and saw 4 of its levels.

You collected 91 gold pieces.

Inventory:

Missiles
 a - 12 arrows
Armour
 b - a +0 robe (melded)
 j - a cursed +1 pair of gloves (melded)
Jewellery
 n - a ring of protection from cold (left front leg)
Wands
 s - a wand of paralysis (7/24)
Scrolls
 e - 3 scrolls of identify
 g - a scroll of fog
 i - a scroll of magic mapping {unknown}
 k - a scroll of fear
 l - 3 scrolls of remove curse {unknown}
 o - a scroll of enchant armour
 q - 2 scrolls of amnesia {unknown}
 r - a scroll of enchant weapon {unknown}
 u - a scroll of teleportation
Potions
 m - a potion of ambrosia
 t - a potion of invisibility {unknown}
Books
 c - a book of Changes

   Spells                             Type                      Level
   a - Beastly Appendage              Transmutation                1
   b - Sticks to Snakes               Transmutation                2
   c - Spider Form                    Transmutation/Poison         3
   d - Ice Form                       Ice/Transmutation            4
   e - Blade Hands                    Transmutation                5
Comestibles
 d - 2 bread rations
 f - a fruit
 p - a royal jelly


   Skills:
 - Level 1.1 Fighting
 - Level 2.6 Dodging
 - Level 5.0 Unarmed Combat
 - Level 2.0 Spellcasting
 * Level 5.7 Transmutations


You had 4 spell levels left.
You knew the following spells:

 Your Spells              Type           Power        Failure   Level  Hunger
a - Beastly Appendage     Tmut           ###...       9%          1    ##.....
q - Spider Form           Tmut/Pois      #.........   43%         3    ####...


Dungeon Overview and Level Annotations

Branches:
Dungeon (4/15)
 Temple: D:4-7

Altars:
Gozag
Hepliaklqana
Nemelex Xobeh
Vehumet


Message History

Your transformation is almost over.
The gnoll hits you with a club!
You completely miss the gnoll.
The gnoll is severely wounded.
The gnoll hits you but does no damage. The gnoll closely misses you.
You hit the gnoll.
The gnoll is poisoned.
The gnoll is heavily wounded.
The gnoll hits you with a club. The gnoll hits you with a club!
* * * LOW HITPOINT WARNING * * *
You bite the gnoll!
You kill the gnoll!
The gnoll misses you.
You hit the gnoll but do no damage.
The gnoll is poisoned.
The gnoll looks more healthy.
The gnoll hits you.
* * * LOW HITPOINT WARNING * * *
The gnoll closely misses you.
You hit the gnoll.
The gnoll looks as sick as possible!
The gnoll is lightly wounded.
The gnoll closely misses you. The gnoll hits you with a club.
You die...

#.# #.#
#.### #...
#..##
.######...#
......gg).#
#s..# #.###
#.# #
#.########..
.. .
#........#.#
#.# #
########.#.#
#.# # #.#.#
#.# # #.#.#
#.# #
#.#.###.###


You could see 2 gnolls.

Vanquished Creatures
  A centaur skeleton (D:4)
  2 gnolls (D:4)
  4 adders
  An ooze (D:1)
  4 worms
  A dart slug (D:3)
  3 leopard geckos
  3 orcs (D:3)
  A ball python (D:1)
  5 giant cockroaches (D:2)
  6 hobgoblins
  7 jackals
  5 bats
  4 frilled lizards
  4 goblins
  7 kobolds
  6 rats
64 creatures vanquished.

Notes
Turn   | Place    | Note
-------+----------+-------------------------------------------
     0 | D:1      | Kisielow the Merfolk Transmuter began the quest for the Orb.
     0 | D:1      | Reached XP level 1. HP: 15/15 MP: 3/3
   222 | D:1      | Reached XP level 2. HP: 18/21 MP: 5/5
   840 | D:2      | Reached XP level 3. HP: 24/26 MP: 6/6
  1024 | D:2      | Reached skill level 5 in Unarmed Combat
  1040 | D:2      | Learned a level 3 spell: Spider Form
  1327 | D:2      | Found a radiant altar of Vehumet.
  1414 | D:2      | Reached XP level 4. HP: 31/32 MP: 7/7
  1423 | D:2      | Found a sparkling altar of Nemelex Xobeh.
  1424 | D:2      | Found an opulent altar of Gozag.
  3084 | D:3      | Reached XP level 5. HP: 37/37 MP: 6/8
  3157 | D:4      | Reached skill level 5 in Transmutations
  3349 | D:4      | Found a hazy altar of Hepliaklqana.
  3411 | D:4      | Slain by a gnoll

Skill      XL: |  1  2  3  4  5 |
---------------+----------------+-----
Unarmed Combat | 4 5 |  5.0
Transmutations | 3 4 5 |  5.7
Fighting       | |  1.1
Dodging        | |  2.6
Spellcasting   | |  2.0

Action                   |  1- 3 |  4- 6 || total
-------------------------+-------+-------++-------
Melee: Unarmed           |   120 |   129 ||   249
       Tailslap          |     2 |       ||     2
       Punch             |     1 |     2 ||     3
       Headbutt          |       |     5 ||     5
 Cast: Beastly Appendage |       |     9 ||     9
       Spider Form       |       |     1 ||     1
  Use: Potion            |     3 |       ||     3
       Scroll            |       |     7 ||     7
 Stab: Distracted        |       |     2 ||     2
  Eat: Chunk             |     1 |     7 ||     8
Armor: Robe              |    21 |    22 ||    43
Dodge: Dodged            |    81 |    82 ||   163
